 Dungeon Crawl Stone Soup version 0.23-a0-137-gef0ad6d (webtiles) character file.

2302 Amnesiac the Sneak (level 9, -3/65 HPs)
             Began as a Mummy Air Elementalist on Aug 30, 2018.
             Was an Initiate of Kikubaaqudgha.
             Slain by a bullfrog (6 damage)
             ... on level 7 of the Dungeon.
             The game lasted 00:12:36 (6816 turns).

Amnesiac the Sneak (Mummy Air Elementalist)         Turns: 6816, Time: 00:12:37

Health: -3/65      AC:  3    Str: 11    XL:     9   Next: 17%
Magic:  0/15       EV: 14    Int: 22    God:    Kikubaaqudgha [......]
Gold:   295        SH:  5    Dex: 13    Spells: 10/16 levels left

rFire    x . .     SeeInvis .   a - +1 dagger (venom)
rCold    + . .     Gourm    .   j - +0 buckler
rNeg     + + +     Faith    .   l - +1 robe
rPois    ∞         Spirit   .   (no helmet)
rElec    .         Reflect  .   (no cloak)
rCorr    .         Harm     .   (no gloves)
MR       +....                  (no boots)
Stlth    +++.......             (no amulet)
HPRegen  0.20/turn              i - ring of wizardry
MPRegen  0.14/turn              n - +5 ring of intelligence

@: about to teleport, very slightly contaminated
A: no food or potions, fire vulnerability, cold resistance 1, negative energy
resistance 3, torment resistance, unbreathing
a: Renounce Religion


You were on level 7 of the Dungeon.
You worshipped Kikubaaqudgha.
Kikubaaqudgha was noncommittal.
You were not hungry.

You visited 2 branches of the dungeon, and saw 8 of its levels.

You collected 295 gold pieces.

Inventory:

Hand Weapons
 a - a +1 dagger of venom (weapon)
 b - a +1 dagger of flaming
Armour
 j - a +0 buckler (worn)
 l - a +1 robe (worn)
Jewellery
 i - a ring of wizardry (left hand)
 n - a +5 ring of intelligence (right hand)
 p - an uncursed ring of resist corrosion
Wands
 d - a wand of enslavement (16)
 g - a wand of paralysis (11)
 k - a wand of polymorph (34)
 u - a wand of random effects (12)
Scrolls
 c - 4 scrolls of remove curse {!r, unknown}
 e - a scroll of enchant weapon {!r, unknown}
 f - 10 scrolls of identify {!r, unknown}
 h - a scroll of random uselessness {!r, unknown}
 m - a scroll of magic mapping {!r, unknown}
 o - a scroll of immolation {!r, unknown}
 q - a scroll of fear {!r, unknown}
 r - a scroll of amnesia {!r}


   Skills:
 - Level 4.1 Fighting
 + Level 2.5 Short Blades
 - Level 4.1 Dodging
 - Level 4.3 Stealth
 - Level 4.0 Shields
 - Level 4.1 Spellcasting
 - Level 0.7 Conjurations
 - Level 4.0 Air Magic
 - Level 4.1 Evocations


You had 10 spell levels left.
You knew the following spells:

 Your Spells              Type           Power        Failure   Level  Hunger
d - Airstrike             Air            ###.......   9%          4    N/A
z - Swiftness             Chrm/Air       ##......     3%          2    N/A

Your spell library contained the following spells:

 Spells                   Type           Power        Failure   Level  Hunger
 Shock                    Conj/Air       ###.         1%          1    N/A
 Corona                   Hex            #......      4%          1    N/A
 Static Discharge         Conj/Air       ###.....     4%          3    N/A
 Ensorcelled Hibernation  Hex/Ice        #.....       7%          2    N/A
 Dazzling Spray           Conj/Hex       #.....       12%         3    N/A
 Confuse                  Hex            #.......     13%         3    N/A
 Tukima's Dance           Hex            #.......     13%         3    N/A
 Lightning Bolt           Conj/Air       ###.......   41%         5    N/A

Dungeon Overview and Level Annotations

Branches:
Dungeon (7/15)             Temple (1/1) D:7

Altars:
Ashenzari
Cheibriados
Dithmenos
Elyvilon
Fedhas
Gozag
Hepliaklqana
Kikubaaqudgha
Makhleb
Nemelex Xobeh
Okawaru
Ru
Sif Muna
Trog
Uskayaw
Vehumet
Wu Jian
Xom
Yredelemnul
Zin
The Shining One

Annotations:
D:2 Sigmund
D:3 1 transporter, heinrich's ghost, amateur VSAs
D:4 exclusion: 7 doors


Innate Abilities, Weirdness & Mutations

You do not eat or drink.
Your flesh is vulnerable to fire.
You are immune to poison.
Your flesh is cold resistant. (rC+)
You are immune to negative energy. (rN+++)
You are immune to unholy pain and torment.
You can survive without breathing.


Message History

Press: ? - help, Shift-Dir - straight line, f - bullfrog
Aim: a bullfrog The zap misses the bullfrog.
The sky beast flickers out of sight!
Deactivating autopickup; reactivate with Ctrl-A.
Something hits you. Something shocks you.
* * * LOW HITPOINT WARNING * * *
A hound comes into view.
The bullfrog misses you. The bullfrog barely misses you.
Casting: Shock (safe; 1% risk of failure)
Confirm with . or Enter, or press ? or * to list all spells.
Aiming: Shock (safe; 1% risk of failure)
Press: ? - help, Shift-Dir - straight line, f/p - bullfrog
Aim: a bullfrog You miscast Shock.
You are very lightly contaminated with residual magic.
Nothing appears to happen.
The bullfrog barely misses you. The bullfrog hits you.
* * * LOW HITPOINT WARNING * * *
Something hits you but does no damage.
Casting: Shock (safe; 1% risk of failure)
Confirm with . or Enter, or press ? or * to list all spells.
Aiming: Shock (safe; 1% risk of failure)
Press: ? - help, Shift-Dir - straight line, f/p - bullfrog
Aim: a bullfrog The zap misses the bullfrog.
The bullfrog closely misses you. The bullfrog barely misses you.
Something hits you.
* * * LOW HITPOINT WARNING * * *
Something shocks you.
* * * LOW HITPOINT WARNING * * *
The bullfrog barely misses you. You block the bullfrog's attack.
Really read
v - a scroll labeled AGUEWU GAINOE {!r}?
As you read the scroll labeled AGUEWU GAINOE {!r}, it crumbles to dust.
You feel strangely unstable.
It was a scroll of teleportation {!r}.
The bullfrog barely misses you. The bullfrog misses you.
Something barely misses you.
A kobold comes into view. It is wielding a club.
Really read
t - a scroll labeled JIYFODD PAWU {!r}?
As you read the scroll labeled JIYFODD PAWU {!r}, it crumbles to dust.
You hear a loud clanging noise!
It was a scroll of noise {!r}.
You hear a bellow! x2; You hear a shout!
You hear an angry hiss. x2
You hear a bellow! x2
The bullfrog hits you!
* * * LOW HITPOINT WARNING * * *
The bullfrog misses you. Something hits you.
* * * LOW HITPOINT WARNING * * *
Something shocks you.
* * * LOW HITPOINT WARNING * * *
The bullfrog barely misses you. x2
Really read
s - a scroll labeled ELOIDU REBUAX {!r}?
As you read the scroll labeled ELOIDU REBUAX {!r}, it crumbles to dust.
It is a scroll of enchant armour.
Your +0 robe glows green for a moment.
The bullfrog barely misses you. x2
Something barely misses you.
Really read
r - 2 scrolls labeled HECALU DYADIC {!r}?
As you read the scroll labeled HECALU DYADIC {!r}, it crumbles to dust.
It is a scroll of amnesia.
Forget Shock, freeing 1 spell level for a total of 10? [Y]es or [N]o only, please.
Forget Shock, freeing 1 spell level for a total of 10?
Your memory of Shock unravels.
You block the bullfrog's attack. The bullfrog hits you.
You die...
Kikubaaqudgha rasps: "You have failed me!
Welcome... oblivion!"

....#. .#. .#( ..# #.. h #
#(#.#.#.###.# ..##.
#.##.#.#...#
.....###.##.#.#.>.#
..........#[#.#...# #
.......K...#.#.###(#. .
.######F...#..#...#..#. #
#.){@Fh#..#..###..#..
.###.##.####.#...##...##...
...................###.....
####.##.####.##............
)............##............
####<##.####.##.#####..##..
# #.# #.##.# #..##.. #.#
####.# #..##.. ... ...
.......


You could see 2 bullfrogs, a hound and a kobold.

Vanquished Creatures
  Pikel (D:6)
  A steam dragon (D:6)
  An orc warrior (D:6)
  A slave (D:5)
  2 ice beasts
  3 ogres (D:5)
  2 bullfrogs
  3 scorpions
  2 howler monkeys (D:7)
  3 crimson imps
  A quasit (D:5)
  2 bullfrog zombies (D:7)
  A hound (D:5)
  2 centaur skeletons (D:4)
  2 orc priests (D:5)
  A bullfrog skeleton (D:5)
  2 iguanas (D:5)
  7 worker ants
  4 orc wizards
  A worker ant zombie (D:6)
  A gnoll (D:4)
  4 adders
  2 shadow imps (D:6)
  An ooze (D:4)
  An adder zombie (D:5)
  A worm (D:2)
  3 dart slugs
  3 leopard geckos
  13 orcs
  A ball python (D:3)
  3 bats
  3 giant cockroaches (D:1)
  10 goblins
  5 hobgoblins
  8 kobolds
  3 quokkas
  A frilled lizard (D:1)
  3 rats
108 creatures vanquished.

Vanquished Creatures (others)
  A fungus (D:5)
1 creature vanquished.

Grand Total: 109 creatures vanquished

Notes
Turn   | Place    | Note
-------+----------+-------------------------------------------
     0 | D:1      | Amnesiac the Mummy Air Elementalist began the quest for the
                  | Orb.
     0 | D:1      | Reached XP level 1. HP: 13/13 MP: 4/4
   375 | D:2      | Noticed Sigmund
   407 | D:1      | Reached XP level 2. HP: 19/19 MP: 1/5
   412 | D:1      | Learned a level 2 spell: Swiftness
   670 | D:2      | Reached XP level 3. HP: 24/24 MP: 0/7
   723 | D:2      | Found a sparkling altar of Nemelex Xobeh.
   724 | D:2      | Found a snail-covered altar of Cheibriados.
  1523 | D:3      | Found a transporter.
  1523 | D:3      | Noticed heinrich's ghost (amateur VSAs)
  1883 | D:3      | You fall through a shaft!
  1890 | D:4      | Reached XP level 4. HP: 22/30 MP: 2/9
  1896 | D:4      | Learned a level 4 spell: Airstrike
  2216 | D:4      | Reached skill level 1 in Shields
  2216 | D:4      | Reached XP level 5. HP: 10/35 MP: 5/11
  2850 | D:4      | Reached XP level 6. HP: 30/41 MP: 12/12
  3327 | D:5      | Entered Level 5 of the Dungeon
  3339 | D:6      | Noticed a slave
  3340 | D:6      | Noticed a slave
  3345 | D:6      | Noticed Pikel
  3345 | D:6      | Noticed a slave
  3345 | D:6      | Noticed a slave
  3360 | D:5      | Found a sacrificial altar of Ru.
  3370 | D:5      | Killed a slave
  3932 | D:5      | Reached skill level 1 in Fighting
  3932 | D:5      | Reached XP level 7. HP: 43/48 MP: 4/13
  4797 | D:5      | Reached XP level 8. HP: 60/60 MP: 5/14
  5155 | D:5      | Found a burning altar of Makhleb.
  5157 | D:5      | Found a bloodstained altar of Trog.
  5251 | D:6      | Reached skill level 1 in Evocations
  5421 | D:6      | Found a glowing golden altar of the Shining One.
  5968 | D:6      | HP: 1/60 [steam dragon (4)]
  6221 | D:6      | Killed Pikel
  6221 | D:6      | Reached XP level 9. HP: 47/65 MP: 12/15
  6368 | D:6      | Reached skill level 1 in Short Blades
  6558 | D:7      | Found a staircase to the Ecumenical Temple.
  6567 | Temple   | Entered the Ecumenical Temple
  6734 | Temple   | Became a worshipper of Kikubaaqudgha
  6814 | D:7      | HP: 3/65 [something (5)]
  6816 | D:7      | Slain by a bullfrog

Vault maps used:
D:1:      dpeg_arrival_rooms_c, corexii_corridor_pit, minmay_strange_pillars
D:2:      chequers_temple_overflow_statue_of_worship, minmay_misc_feat_rows,
          uniq_sigmund
D:3:      gammafunk_ghost_mausoleum
D:4:      corexii_shantytown, first_ration, kennysheep_big_empty_room,
          grunt_ministairs_2, kennysheep_another_room
D:5:      kennysheep_steamy, minitemple, basic_altar
D:6:      tso_oasis_becter, uniq_pikel
D:7:      minmay_temple_entry_steel_oval, grunt_livestock, hangedman_misty_isle
Temple:   eino_temple_rhombus

Skill      XL: |  1  2  3  4  5  6  7  8  9 |
---------------+----------------------------+-----
Spellcasting   | 3 4 |  4.1
Air Magic      | 3 4 |  4.0
Shields        | 1 2 4 |  4.0
Dodging        | 2 4 |  4.1
Fighting       | 1 3 4 |  4.1
Evocations     | 4 |  4.1
Stealth        | 4 |  4.3
Short Blades   | 2 |  2.5
Conjurations   | |  0.7

Action                   |  1- 3 |  4- 6 |  7- 9 || total
-------------------------+-------+-------+-------++-------
Melee: Mace              |     6 |       |       ||     6
       Dagger            |       |    69 |    48 ||   117
 Cast: Shock             |    65 |    43 |   141 ||   249
       Airstrike         |       |     2 |    17 ||    19
  Use: Scroll            |       |       |     4 ||     4
 Stab: Sleeping          |       |     3 |       ||     3
Armor: Robe              |    19 |     6 |     8 ||    33
Dodge: Dodged            |    35 |    44 |    74 ||   153
Block: Buckler           |       |    11 |    19 ||    30

Table legend:
 A = Non-vault XP
 B = Vault XP
 C = Vault XP percentage of total XP
 D = Non-vault monster count
 E = Vault monster count
 F = Vault count percentage of total count
                 A         B        C        D         E       F
            +---------+---------+-------+---------+---------+-------
      Total |    2359 |     930 |  28.3 |      98 |       9 |   8.4
            +---------+---------+-------+---------+---------+-------
        D:1 |      46 |       0 |   0.0 |      25 |       0 |   0.0
        D:2 |      36 |       0 |   0.0 |       5 |       0 |   0.0
        D:3 |      10 |       0 |   0.0 |       6 |       0 |   0.0
        D:4 |     164 |     132 |  44.6 |       8 |       7 |  46.7
        D:5 |    1206 |       0 |   0.0 |      30 |       0 |   0.0
        D:6 |     615 |     798 |  56.5 |      15 |       2 |  11.8
        D:7 |     282 |       0 |   0.0 |       9 |       0 |   0.0
            +---------+---------+-------+---------+---------+-------
